 Dungeon Crawl Stone Soup version 0.27-a0-457-gba82baf56e (webtiles) character file.

Game seed: 15215400105732888396

631 Chiseanne the Skirmisher (level 7, -3/56 HPs)
             Began as a Demonspawn Wanderer on Feb 28, 2021.
             Slain by an ogre
             ... wielding a +0 giant club
              (7 damage)
             ... on level 5 of the Dungeon.
             The game lasted 00:05:59 (5023 turns).

Chiseanne the Skirmisher (Demonspawn Wanderer)      Turns: 5023, Time: 00:05:59

Health: -3/56      AC: 17    Str: 11    XL:     7   Next: 24%
Magic:  7/7        EV:  1    Int: 16    God:
Gold:   179        SH:  8    Dex: 16    Spells: 6/6 levels left

rFire    . . .     SeeInvis .   v - +0 hand axe
rCold    + . .     Faith    .   t - +0 kite shield
rNeg     . . .     Spirit   .   z - +0 plate armour
rPois    .         Reflect  .   l - +0 hat {Int+3}
rElec    .         Harm     .   w - +1 cloak {Will+}
rCorr    .         Rampage  .   c - +0 pair of gloves
Will     +....                  o - +0 pair of boots
Stlth    ..........             (no amulet)
HPRegen  0.18/turn              (no ring)
MPRegen  0.10/turn              (no ring)

@: no status effects
A: horns 2, molten scales 1, cold resistance 1
a: no special abilities


You were on level 5 of the Dungeon.
You visited 1 branch of the dungeon, and saw 5 of its levels.

You collected 179 gold pieces.

Inventory:

Hand Weapons
 v - a +0 hand axe (weapon)
Missiles
 e - 114 stones
 g - 19 sling bullets
 k - 20 poisoned darts (quivered)
 m - 40 bolts
 r - 30 arrows
 y - 3 boomerangs
Armour
 c - a +0 pair of gloves (worn)
 l - a +0 hat of intelligence (worn)
 o - a +0 pair of boots (worn)
 t - a +0 kite shield (worn)
 w - a +1 cloak of willpower (worn)
 z - a +0 plate armour (worn)
Jewellery
 j - an amulet of magic regeneration
 n - a ring of resist corrosion
Wands
 f - a wand of random effects (16)
Scrolls
 a - a scroll of teleportation
 b - 2 scrolls of blinking
Potions
 d - 2 potions of lignification
 h - a potion of invisibility {unknown}
 i - 2 potions of curing
 p - a potion of flight
 s - a potion of brilliance


   Skills:
 * Level 5.6 Fighting
 - Level 1.0 Staves
 * Level 3.0 Armour
 - Level 3.3 Dodging
 - Level 1.0 Stealth
 * Level 3.2 Shields
 - Level 1.7 Unarmed Combat
 - Level 1.0 Evocations


You had 6 spell levels left.
You didn't know any spells.
Your spell library contained the following spells:

 Spells                   Type           Power        Failure   Level
 Corona                   Hex            0%           100%        1
 Ensorcelled Hibernation  Hex/Ice        0%           100%        2
 Confusing Touch          Hex            0%           100%        3
 Dazzling Flash           Conj/Hex       0%           100%        3
 Tukima's Dance           Hex            0%           100%        3


Dungeon Overview and Level Annotations

Branches:
Dungeon (5/15)
 Temple: D:4-7

Altars:
Elyvilon

Annotations:
D:4 Dowan, Duvessa


Innate Abilities, Weirdness & Mutations

You have a pair of horns on your head.
You are partially covered in molten scales. (AC +2)
Your flesh is cold resistant. (rC+)


Message History

You block the ogre's attack.
Your plate armour prevents you from hitting the white imp.
Your headbutt misses the white imp.
The white imp is almost dead.
You hit the ogre. The white imp gestures at you. The puff of frost hits you.
You resist. The ogre hits you with a +0 giant club!
The white imp gestures at you.
The puff of frost hits you but does no damage.
You are too injured to fight recklessly!
You are too injured to fight recklessly!
You are too injured to fight recklessly!
You are too injured to fight recklessly!
You are too injured to fight recklessly!
You are too injured to fight recklessly!
You are too injured to fight recklessly!
You are too injured to fight recklessly!
You are too injured to fight recklessly!
You are too injured to fight recklessly!
You are too injured to fight recklessly!
You are too injured to fight recklessly!
You are too injured to fight recklessly!
You are too injured to fight recklessly!
You are too injured to fight recklessly!
You are too injured to fight recklessly!
You are too injured to fight recklessly!
You are too injured to fight recklessly!
You are too injured to fight recklessly!
You hit the white imp.
You kill the white imp!
You hit the ogre. The ogre hits you with a +0 giant club!
* * * LOW HITPOINT WARNING * * *
Aiming: Random Effects
Press: ? - help, Shift-Dir - straight line, f - ogre
Aim: an ogre, wielding a +0 giant club (moderately wounded)
The ogre resists with some effort.
The ogre hits you but does no damage.
As you read the scroll labelled HIRHAMUOTA, it crumbles to dust.
Your +0 hand axe glows bright indigo for a moment.
It was a scroll of random uselessness.
The ogre hits you with a +0 giant club!
You die...

### ###............#..
#.!.........##..
###...........#.. ##
#......).......). #..
#..........>..##. #..
##...............
##...###................
#.......##.##...........
##....O@............#...
###...............##...
####.............####
.##...........# # .
#...... #. .. #.... ..
.. .... #. ##. ...


You could see an ogre.

Vanquished Creatures
  A bullfrog (D:2)
  A howler monkey (D:5)
  A bullfrog zombie (D:5)
  A gnoll shaman (D:4)
  2 hounds (D:3)
  A bullfrog skeleton (D:5)
  Natasha (thrice) (D:2)
  2 worker ants
  A hound skeleton (D:4)
  12 gnolls
  3 adders
  A shadow imp (D:3)
  A white imp (D:5)
  2 oozes (D:1)
  4 worms
  4 dart slugs
  2 leopard geckos
  An orc (D:5)
  2 giant cockroaches
  12 goblins
  3 hobgoblins
  2 jackals (D:4)
  2 quokkas
  A ball python (D:2)
  5 bats
  3 frilled lizards
  A jackal skeleton (D:4)
  4 kobolds
  A leopard gecko skeleton (D:5)
  6 rats
85 creatures vanquished.

Notes
Turn   | Place    | Note
-------+----------+-------------------------------------------
     0 | D:1      | Chiseanne the Demonspawn Wanderer began the quest for the
                  | Orb.
     0 | D:1      | Chiseanne set off with the following items: a +0 dagger, a
                  | scroll of blinking, a potion of curing, a potion of
                  | lignification, a +0 robe, a potion of heal wounds
     0 | D:1      | Reached XP level 1. HP: 18/18 MP: 1/1
   214 | D:1      | Gained mutation: You are partially covered in molten
                  | scales. (AC +2) [demonic ancestry]
   214 | D:1      | Reached XP level 2. HP: 18/24 MP: 2/2
  1164 | D:2      | Gained mutation: You have a pair of small horns on your
                  | head. [demonic ancestry]
  1164 | D:2      | Reached XP level 3. HP: 29/29 MP: 3/3
  1184 | D:2      | Noticed a bullfrog
  1199 | D:2      | Killed a bullfrog
  1200 | D:2      | Reached skill level 4 in Fighting
  1200 | D:2      | Reached XP level 4. HP: 12/37 MP: 4/4
  1807 | D:2      | Noticed Natasha
  1827 | D:2      | Killed Natasha
  1828 | D:2      | Gained mutation: Your flesh is cold resistant. (rC+)
                  | [demonic ancestry]
  1828 | D:2      | Reached XP level 5. HP: 8/43 MP: 5/5
  2002 | D:2      | Noticed Natasha
  2013 | D:2      | Killed Natasha
  2014 | D:2      | Reached skill level 1 in Armour
  2139 | D:2      | Noticed Natasha
  2153 | D:2      | Killed Natasha
  2949 | D:3      | Found a white marble altar of Elyvilon.
  3490 | D:3      | Reached XP level 6. HP: 46/50 MP: 6/6
  3898 | D:3      | Reached skill level 5 in Fighting
  4577 | D:4      | Noticed Dowan
  4577 | D:4      | Noticed Duvessa
  4585 | D:5      | Entered Level 5 of the Dungeon
  4773 | D:5      | Gained mutation: You have a pair of horns on your head.
                  | [demonic ancestry]
  4773 | D:5      | Reached XP level 7. HP: 51/56 MP: 7/7
  5023 | D:5      | Slain by an ogre

Illustrated notes

Levels and vault maps discovered:
D:1:      dpeg_arrival_erosion, layout_basic
D:2:      layout_basic, uniq_natasha
D:3:      layout_loops_corners, elyvilon_altar_4, cheibrodos_gnoll_hut
D:4:      layout_cave_pods, minmay_temple_entry_crystal_x, uniq_robin,
          uniq_duvessa, uniq_ijyb, uniq_edmund
D:5:      layout_cave_pools

Skill      XL: |  1  2  3  4  5  6  7 |
---------------+----------------------+-----
Dodging        | 2 3 |  3.3
Fighting       | 4 5 |  5.6
Armour         | 1 2 3 |  3.0
Shields        | 2 3 |  3.2
Staves         | |  1.0
Stealth        | |  1.0
Unarmed Combat | |  1.7
Evocations     | |  1.0

Action                   |  1- 3 |  4- 6 |  7- 9 || total
-------------------------+-------+-------+-------++-------
Melee: Dagger            |    80 |   101 |       ||   181
       Punch             |     1 |       |       ||     1
       Headbutt          |     3 |    68 |    10 ||    81
       Hand axe          |       |   199 |    39 ||   238
Throw: Dart              |       |    14 |       ||    14
Evoke: Wand              |       |       |     1 ||     1
  Use: Potion            |       |     8 |       ||     8
       Scroll            |       |     4 |     1 ||     5
Armor: Robe              |    13 |     2 |       ||    15
       Ring mail         |       |    71 |       ||    71
       Plate armour      |       |   215 |    37 ||   252
       Skin              |       |    22 |       ||    22
Dodge: Dodged            |    62 |    90 |     1 ||   153
Block: Kite shield       |       |   180 |    25 ||   205

Table legend: (Time is in decaauts)
 A = Elapsed time spent in this place.
 B = Non-inter-level travel time spent in this place.
 C = Inter-level travel time spent in this place.
 D = Time resting spent in this place.
 E = Time spent auto-exploring this place.
 F = Levels seen in this place.
 G = Mean time per level.
                   A        B        C        D        E       F      G
               +--------+--------+--------+--------+--------+-----+--------+
         Total |   5192 |   5021 |    171 |   1257 |   2762 |   5 | 1038.4 |
       Dungeon |   5192 |   5021 |    171 |   1257 |   2762 |   5 | 1038.4 |
               +--------+--------+--------+--------+--------+-----+--------+

Top non-repeatable levels by time:
     D:3: 1686 daAuts
     D:2: 1567 daAuts
     D:1: 1089 daAuts
     D:5: 465 daAuts
     D:4: 384 daAuts
